 Dungeon Crawl Stone Soup version 0.30-a0-715-gdb4ae3ece1 (webtiles) character file.

Game seed: 990922647097653958

8519 OTABOTABOTAB the Destroyer (level 11, -13/54 HPs)
             Began as a Deep Elf Conjurer on Jan 23, 2023.
             Was a Believer of Vehumet.
             Shot with an arrow by a centaur warrior (27 damage)
             ... on level 8 of the Dungeon.
             The game lasted 00:19:49 (11060 turns).

OTABOTABOTAB the Destroyer (Deep Elf Conjurer)     Turns: 11060, Time: 00:19:49

Health: -13/54     AC:  8    Str:  4    XL:     11   Next: 11%
Magic:  8/29       EV: 12    Int: 34    God:    Vehumet [**....]
Gold:   412        SH:  0    Dex: 13    Spells: 24/35 levels left

rFire   + . .      SeeInvis +    n - staff of poison {rPois}
rCold   + . .      Faith    .    (no shield)
rNeg    . . .      Spirit   .    h - +2 robe {rC+ rF+}
rPois   +          Reflect  .    e - +2 helmet {SInv}
rElec   .          Harm     .    k - +0 cloak
rCorr   .          Rampage  .    (no gloves)
Will    +....                    (no boots)
Stlth   ++                       b - amulet of the acrobat
HPRegen 0.29/turn                I - +6 ring of intelligence
MPRegen 0.21/turn                Z - ring of wizardry {Wiz+, !d}

@: no status effects
A: no striking features
a: Renounce Religion


You were on level 8 of the Dungeon.
You worshipped Vehumet.
Vehumet was pleased with you.
You visited 1 branch of the dungeon, and saw 8 of its levels.

You collected 412 gold pieces.

Inventory:

Armour
 e - a +2 helmet of see invisible (worn)
   (You took it off Robin on level 2 of the Dungeon)
 h - a +2 robe of resistance (worn)
   (You took it off Erica on level 8 of the Dungeon)
 k - a +0 cloak (worn)
   (You took it off Crazy Yiuf on level 3 of the Dungeon)
Magical Staves
 n - a staff of poison (weapon) {rPois}
   (You found it on level 4 of the Dungeon)
Jewellery
 b - an amulet of the acrobat (around neck)
   (You found it on level 8 of the Dungeon)
 c - a ring of ice {rC+, rF-}
   (You found it on level 3 of the Dungeon)
 o - a ring of fire {rF+, rC-}
   (You found it on level 7 of the Dungeon)
 A - a +4 ring of protection
   (You found it on level 4 of the Dungeon)
 I - a +6 ring of intelligence (left hand)
   (You found it on level 8 of the Dungeon)
 Z - a ring of wizardry (right hand) {Wiz+, !d}
   (You found it on level 7 of the Dungeon)
Wands
 a - a wand of quicksilver (1)
   (You found it on level 6 of the Dungeon)
 q - a wand of flame (22)
   (You found it on level 5 of the Dungeon)
Potions
 f - 2 potions of experience
 B - 3 potions of brilliance
 G - a potion of ambrosia {!q}
 H - a potion of haste
 J - a potion of curing {@q1}
 L - a potion of flight
 M - 2 potions of might
 P - a potion of lignification {!q}
 R - a potion of resistance
 U - 3 potions of mutation {!q}


   Skills:
 - Level 2.4 Dodging
 - Level 2.4 Stealth
 + Level 12.5 Spellcasting
 * Level 14.8 Conjurations
 - Level 5.0 Hexes
 - Level 5.0 Translocations


You had 24 spell levels left.
You knew the following spells:

 Your Spells              Type           Power      Damage    Failure   Level
a - Magic Dart            Conj           100%       1d8       0%          1
b - Searing Ray           Conj           100%       2d8       0%          2
c - Fulminant Prism       Conj/Hex       36%        3d17      1%          4
x - Iskenderun's Mystic   Conj/Tloc      73%        2d15      1%          4

Your spell library contained the following spells:

 Spells                   Type           Power      Damage    Failure   Level
 Scorch                   Fire           42%        2d7       1%          2
 Summon Small Mammal      Summ           84%        N/A       1%          1
 Dazzling Flash           Conj/Hex       100%       N/A       1%          3
 Summon Guardian Golem    Hex/Summ       38%        N/A       1%          3
 Call Canine Familiar     Summ           21%        N/A       2%          3


Dungeon Overview and Level Annotations

Branches:
Dungeon (8/15)             Temple (0/1) D:5
   Lair: D:8-11

Altars:
Elyvilon
Fedhas
Kikubaaqudgha
Qazlal
Trog
Vehumet
The Shining One

Shops:
D:7 :


Message History

You now have 412 gold pieces (gained 43).
Things that are here:
a +0 plate armour; a +0 scimitar You enter the shallow water.
Moving in this stuff is going to be slow.
You enter the shallow water.
Moving in this stuff is going to be slow.
You feel your willpower return.
A basilisk comes into view.
The magic dart hits the basilisk.
The basilisk hisses angrily.
You now have 28/29 mp.
You conjure a prism of explosive energy!
A fulminant prism comes into view.
You now have 24/29 mp.
The basilisk bites your fulminant prism!
Your fulminant prism crackles loudly.
The basilisk gazes at you.
You easily resist.
You hear an explosion!
The blast of energy engulfs the basilisk!!!
You kill the basilisk!
Vehumet accepts your kill.
Okay, then.
Unknown command.
Unknown command.
Things that are here:
a stone; a +0 dagger A cyclops comes into view.
MP restored: 29
Okay, then.
Unknown command.
You conjure a prism of explosive energy!
The cyclops shouts!
A fulminant prism comes into view.
You now have 25/29 mp.
Your fulminant prism crackles loudly.
A centaur warrior comes into view. It is wielding a +0 rapier.
The cyclops throws a large rock.
The large rock barely misses you.
The blast of energy engulfs the cyclops!!
The centaur warrior shouts!
Okay, then.
The centaur warrior unwields a +0 rapier.
The centaur warrior wields a +0 longbow.
The centaur warrior shoots an arrow.
The arrow hits you!!
The centaur warrior shoots an arrow.
The arrow closely misses you.
The cyclops throws a large rock.
The large rock completely misses you.
You take 24 damage, and have 30/54 hp.
MASSIVE DAMAGE!!
The centaur warrior shoots an arrow.
The arrow barely misses you.
The centaur warrior shoots an arrow.
The arrow completely misses you.
The centaur warrior shoots an arrow.
The arrow misses you.
The centaur warrior shoots an arrow.
The arrow hits you.
You take 6 damage, and have 25/54 hp.
You conjure a prism of explosive energy!
A fulminant prism comes into view.
You now have 23/29 mp.
You conjure a prism of explosive energy!
A fulminant prism comes into view.
Your fulminant prism crackles loudly.
You now have 19/29 mp.
Something completely misses your fulminant prism.
Something kicks your fulminant prism but does no damage.
Your fulminant prism crackles loudly.
The blast of energy engulfs the cyclops!!
You erupt in a blast of force!
The mystic blast hits the cyclops!
You kill the cyclops!
Vehumet accepts your kill.
You feel your power returning.
The blast of energy engulfs the centaur warrior!!
You now have 18/29 mp.
You erupt in a blast of force!
The mystic blast hits the centaur warrior!
The centaur warrior is knocked back by the mystic blast.
A bullfrog comes into view.
The centaur warrior unwields a +0 rapier.
The centaur warrior wields a +0 longbow.
The centaur warrior shoots an arrow.
The arrow closely misses you.
You now have 15/29 mp.
You conjure a prism of explosive energy!
A fulminant prism comes into view.
The centaur warrior shoots an arrow.
The arrow hits your fulminant prism!
You now have 11/29 mp.
The centaur warrior shoots an arrow.
The arrow hits your fulminant prism!!
The centaur warrior shoots an arrow.
The arrow barely misses you.
The centaur warrior shoots an arrow.
The arrow misses you. The bullfrog completely misses you.
You erupt in a blast of force!
The mystic blast hits the bullfrog!
The bullfrog is knocked back by the mystic blast.
The centaur warrior shoots an arrow.
The arrow hits you!
* * * LOW HITPOINT WARNING * * *
You take 15 damage, and have 13/54 hp.
MASSIVE DAMAGE!!
You now have 8/29 mp.
Okay, then.
As you read the scroll of fog, it crumbles to dust.
The scroll dissolves into smoke.
The centaur warrior shoots an arrow.
The arrow hits you!!
Ouch! That really hurt!
You die...

#####.#.##..#.###...#...
#.....#.##..........'.C..
#.....)..[...)......#....
#.....#.##..#..##...#....
#.>...#.##..c..##(..# ...
......#...)....##..F# ♣.
####..#)#....c......##
####...........##§...#
##............§§@§...#
####.##.#......§§§...# #
#...........§..§...##
####.##.#......##.....#
...[..................##
#..#.###..###..##......##
.........##
##..#.......## ........##
##.......... #..#...##
##.....#.##.... ##


You could see a centaur warrior and a bullfrog.

Vanquished Creatures
  Erica (D:8)
  An ugly thing (D:8)
  A cyclops (D:8)
  Maggie (D:7)
  Psyche (D:8)
  A cane toad (shapeshifter) (D:8)
  2 slime creatures (D:8)
  A wyvern (D:8)
  6 yaks (D:8)
  A basilisk (D:8)
  2 steam dragons (D:8)
  2 acid dragons (D:8)
  3 water moccasins (D:8)
  2 sky beasts
  6 orc warriors
  2 ice beasts
  An ogre (D:7)
  2 centaurs
  A phantom (D:6)
  2 kobold brigands (D:8)
  6 bullfrogs
  3 necrophages
  A gnoll sergeant (D:8)
  8 scorpions
  5 wights (D:8)
  2 killer bees (D:8)
  3 howler monkeys
  2 electric eels (D:8)
  6 orc priests
  4 hounds
  A jelly (D:5)
  A gnoll bouda (D:4)
  Crazy Yiuf (D:3)
  Jessica (D:2)
  7 orc wizards
  5 iguanas
  Robin (D:2)
  8 gnolls
  6 adders
  A shadow imp (D:8)
  3 worms
  3 dart slugs
  38 orcs
  4 ball pythons
  6 bats (D:1)
  9 endoplasms
  5 giant cockroaches
  11 goblins
  12 hobgoblins
  3 jackals (D:1)
  2 quokkas
  2 frilled lizards (D:1)
  20 kobolds
  8 rats
237 creatures vanquished.

Vanquished Creatures (others)
  A kobold (D:2)
  66 fulminant prisms
  13 plants (D:8)
80 creatures vanquished.

Grand Total: 317 creatures vanquished

Notes
Turn   | Place    | Note
-------+----------+-------------------------------------------
     0 | D:1      | OTABOTABOTAB the Deep Elf Conjurer began the quest for the
                  | Orb.
     0 | D:1      | Reached XP level 1. HP: 10/10 MP: 6/6
   187 | D:1      | Reached XP level 2. HP: 15/15 MP: 5/8
   233 | D:1      | Learned a level 2 spell: Searing Ray
   420 | D:1      | Reached skill level 5 in Conjurations
   696 | D:1      | Reached XP level 3. HP: 19/19 MP: 2/10
  1099 | D:2      | HP: 2/19 [goblin/sling bullet[Robin] (3)]
  1175 | D:2      | Noticed Robin
  1277 | D:2      | Reached skill level 4 in Spellcasting
  1360 | D:2      | Noticed Jessica
  1362 | D:2      | Killed Jessica
  1363 | D:2      | Reached XP level 4. HP: 24/24 MP: 8/12
  1427 | D:2      | Learned a level 4 spell: Fulminant Prism
  1432 | D:2      | Learned a level 4 spell: Iskenderun's Mystic Blast
  1502 | D:2      | Found a faded altar of an unknown god.
  1682 | D:2      | Killed Robin
  2250 | D:3      | Reached skill level 6 in Conjurations
  2250 | D:3      | Reached skill level 1 in Hexes
  2250 | D:3      | Reached skill level 1 in Translocations
  2250 | D:3      | Reached XP level 5. HP: 28/28 MP: 8/13
  2628 | D:3      | Found a bloodstained altar of Trog.
  3323 | D:3      | Found a runed translucent door.
  3324 | D:3      | Noticed Crazy Yiuf
  3330 | D:3      | Killed Crazy Yiuf
  3331 | D:3      | Reached skill level 2 in Hexes
  3553 | D:4      | Reached skill level 5 in Spellcasting
  3553 | D:4      | Reached XP level 6. HP: 32/32 MP: 5/15
  3668 | D:4      | Reached skill level 2 in Translocations
  3792 | D:4      | Found a white marble altar of Elyvilon.
  3907 | D:4      | Reached skill level 7 in Conjurations
  3907 | D:4      | Reached skill level 3 in Hexes
  4165 | D:4      | Reached XP level 7. HP: 34/36 MP: 3/17
  4480 | D:4      | Found an ancient bone altar of Kikubaaqudgha.
  4776 | D:5      | Entered Level 5 of the Dungeon
  5055 | D:5      | Reached skill level 3 in Translocations
  5205 | D:5      | You fall into a shaft and drop 2 floors!
  5205 | D:7      | Found Igoasuo's Book Emporium.
  5311 | D:7      | Found a stormy altar of Qazlal.
  5390 | D:7      | Reached skill level 6 in Spellcasting
  5390 | D:7      | Reached skill level 4 in Hexes
  5557 | D:6      | Reached skill level 8 in Conjurations
  5569 | D:6      | Reached XP level 8. HP: 30/41 MP: 1/19
  5623 | D:6      | Reached skill level 4 in Translocations
  5696 | D:5      | Reached skill level 5 in Hexes
  6010 | D:5      | Found a radiant altar of Vehumet.
  6013 | D:5      | Found a blossoming altar of Fedhas.
  6029 | D:5      | Reached skill level 7 in Spellcasting
  6029 | D:5      | Reached skill level 9 in Conjurations
  6029 | D:5      | Found a glowing golden altar of the Shining One.
  6035 | D:5      | Became a worshipper of Vehumet
  6469 | D:5      | Found a staircase to the Ecumenical Temple.
  6658 | D:6      | Reached skill level 5 in Translocations
  7074 | D:6      | Reached skill level 8 in Spellcasting
  7271 | D:6      | Reached skill level 10 in Conjurations
  7271 | D:6      | Reached XP level 9. HP: 45/45 MP: 13/23
  8403 | D:7      | Reached skill level 9 in Spellcasting
  8403 | D:7      | Reached * piety under Vehumet
  8403 | D:7      | Offered knowledge of Foxfire by Vehumet.
  8494 | D:7      | Reached skill level 11 in Conjurations
  8778 | D:7      | Noticed Maggie
  8785 | D:7      | Killed Maggie
  9114 | D:8      | Noticed a cane toad
  9117 | D:8      | Killed a cane toad
  9323 | D:8      | Noticed Psyche
  9329 | D:8      | Killed Psyche
  9330 | D:8      | Reached skill level 10 in Spellcasting
  9330 | D:8      | Reached skill level 12 in Conjurations
  9569 | D:8      | Reached XP level 10. HP: 50/50 MP: 20/26
  9761 | D:8      | Noticed Erica
  9778 | D:8      | Killed Erica
  9779 | D:8      | Reached skill level 13 in Conjurations
  9802 | D:8      | Reached skill level 11 in Spellcasting
  9962 | D:8      | Offered knowledge of Scorch by Vehumet.
  9972 | D:8      | Reached ** piety under Vehumet
  9977 | D:8      | HP: 12/50 [hornet (14)]
 10401 | D:8      | Reached skill level 14 in Conjurations
 10652 | D:8      | Reached skill level 12 in Spellcasting
 10746 | D:8      | Noticed a purple ugly thing
 10755 | D:8      | Killed a purple ugly thing
 10872 | D:8      | Reached XP level 11. HP: 54/54 MP: 21/29
 11043 | D:8      | Noticed a centaur warrior
 11059 | D:8      | HP: 13/54 [centaur warrior/arrow (15)]
 11060 | D:8      | Shot with an arrow by a centaur warrior

Illustrated notes

Levels and vault maps discovered:
D:1:      dpeg_arrival_pond, layout_basic
D:2:      layout_basic, shapermc_ecumenical_altar_ellora, uniq_jessica,
          uniq_robin
D:3:      layout_basic, mainiacjoe_overflow_small_starburst,
          uniq_crazy_yiuf_cottage
D:4:      layout_loops_ring, nicolae_overflow_hidden_temple,
          mainiacjoe_overflow_24_doors
D:5:      layout_basic, chequers_temple_overflow_statue_of_worship,
          minmay_temple_entry_enclosed_plants
D:6:      layout_basic
D:7:      layout_loops_ring, nicolae_qazlal_general_emergency, serial_shops,
          shop_fountains, uniq_maggie
D:8:      minmay_the_grid_plus_closed [minmay_the_grid_garden,
          minmay_the_grid_minigrid_small_alt, minmay_the_grid_embedded,
          minmay_the_grid_minigrid_large, minmay_the_grid_prize_four_corners],
          layout_basic, nemelex_spade_bored_becter, jmf_multi_god_temple2,
          moated_statue, serial_bayou_ford_a, uniq_erica, uniq_psyche, uniq_grum

Skill      XL: |  1  2  3  4  5  6  7  8  9 10 |
---------------+-------------------------------+-----
Conjurations   | 5 6 7 8 10 12 14 | 14.8
Spellcasting   | 4 5 6 8 10 12 | 12.5
Hexes          | 1 2 3 4 5 |  5.0
Translocations | 1 2 3 5 |  5.0
Dodging        | |  2.4
Stealth        | |  2.4

Action                     |  1- 3 |  4- 6 |  7- 9 | 10-12 || total
---------------------------+-------+-------+-------+-------++-------
  Melee: Club              |     3 |       |       |       ||     3
         Short sword       |       |     7 |    10 |       ||    17
         Staff             |       |       |     1 |       ||     1
   Fire: Sling             |    20 |     3 |     5 |       ||    28
   Cast: Magic Dart        |    56 |   104 |   100 |    37 ||   297
         Searing Ray       |     4 |     6 |    28 |     7 ||    45
         Iskenderun's Myst |       |     7 |    33 |    19 ||    59
         Fulminant Prism   |       |     5 |    23 |    38 ||    66
  Evoke: Wand              |       |       |       |     3 ||     3
    Use: Scroll            |     1 |     6 |    10 |     3 ||    20
         Potion            |       |     1 |     1 |     1 ||     3
 Armour: Robe              |     4 |     3 |    19 |     5 ||    31
  Dodge: Dodged            |    21 |    12 |    34 |    31 ||    98

Table legend: (Time is in decaauts)
 A = Elapsed time spent in this place.
 B = Non-inter-level travel time spent in this place.
 C = Inter-level travel time spent in this place.
 D = Time resting spent in this place.
 E = Time spent auto-exploring this place.
 F = Levels seen in this place.
 G = Mean time per level.
                   A        B        C        D        E       F      G
               +--------+--------+--------+--------+--------+-----+--------+
         Total |  11079 |  10816 |    263 |   1592 |   7857 |   8 | 1384.9 |
       Dungeon |  11079 |  10816 |    263 |   1592 |   7857 |   8 | 1384.9 |
               +--------+--------+--------+--------+--------+-----+--------+

Top non-repeatable levels by time:
     D:8: 1922 daAuts
     D:6: 1841 daAuts
     D:7: 1377 daAuts
     D:3: 1299 daAuts
     D:4: 1289 daAuts
     D:1: 1236 daAuts
     D:5: 1097 daAuts
     D:2: 1016 daAuts

Table legend:
 A = Kills in this place as a percentage of kills in entire the game.
 B = Kills by you in this place as a percentage of kills by you in the entire game.
 C = Kills by friends in this place as a percentage of kills by friends in the entire game.
 D = Other kills in this place as a percentage of other kills in the entire game.
 E = Experience gained in this place as a percentage of experience gained in the entire game.
 F = Experience gained in this place divided by the number of levels of this place that you have seen.
                   A       B       C       D       E      F
               +-------+-------+-------+-------+-------+----------------------
         Total | 100.0 | 100.0 |   N/A |   N/A | 100.0 | 1521.2
       Dungeon | 100.0 | 100.0 |   N/A |   N/A | 100.0 | 1521.2
               +-------+-------+-------+-------+-------+----------------------
